 Dungeon Crawl Stone Soup version 0.29.1-4-g47bece8355 (webtiles) character file.

Game seed: 4626632752767818523

264 Dakon the Ducker (level 6, 0/48 HPs)
             Began as a Djinni Monk on Dec 5, 2022.
             Slain by a gnoll
             ... wielding a +0 whip
             ... led by a gnoll bouda
              (5 damage)
             ... on level 4 of the Dungeon.
             The game lasted 00:13:43 (3847 turns).

Dakon the Ducker (Djinni Monk)                      Turns: 3847, Time: 00:13:44

Health: 0/48       AC:  4    Str: 10    XL:     6   Next: 43%
Gold:   107        EV: 17    Int: 14    God:
                   SH:  0    Dex: 15

rFire   + + .      SeeInvis .   j - +4 dagger (drain)
rCold   x . .      Faith    .   (no shield)
rNeg    . . .      Spirit   .   g - +0 leather armour
rPois   ∞          Reflect  .   f - +0 helmet
rElec   .          Harm     .   (no cloak)
rCorr   .          Rampage  .   (no gloves)
Will    .....                   (boots unavailable)
Stlth   ++........              (no amulet)
HPRegen 0.16/turn               h - +4 ring of evasion
MPRegen 0.00/turn               (no ring)

@: mighty, about to teleport, flying
A: sickness immunity, fire resistance 2, cold vulnerability 1, float, innate
caster, HP casting, extra vitality 1
a: no special abilities


You were on level 4 of the Dungeon.
You visited 1 branch of the dungeon, and saw 4 of its levels.

You collected 107 gold pieces.

Inventory:

Hand Weapons
 a - a +0 falchion of protection
 j - a +4 dagger of draining (weapon)
Armour
 b - a +0 robe
 d - a +0 ring mail
 f - a +0 helmet (worn)
 g - a +0 leather armour (worn)
Jewellery
 h - a +4 ring of evasion (left hand)
Wands
 e - a wand of polymorph (4)
Scrolls
 m - a scroll of magic mapping
 q - 2 scrolls of butterflies {unknown}
Potions
 c - a potion of ambrosia
 k - a potion of curing {unknown}
 l - a potion of lignification {unknown}
 n - a potion of invisibility {unknown}
 p - a potion of resistance {unknown}


   Skills:
 + Level 4.4 Fighting
 + Level 1.1(2.6) Short Blades
 - Level 3.6(3.8) Long Blades
 + Level 4.8 Dodging
 - Level 1.5 Stealth
 + Level 1.1 Spellcasting


You had 4 spell levels left.
You knew the following spells:

 Your Spells              Type           Power      Damage    Failure   Level
a - Apportation           Tloc           8%         N/A       22%         1
b - Scorch                Fire           8%         2d5       32%         2
Your spell library was empty.

Dungeon Overview and Level Annotations

Branches:
Dungeon (4/15)
 Temple: D:4-7

Altars:

Shops:
D:3 (   D:4 *

Annotations:
D:3 1 runed translucent door, PhantomBowie's ghost, amateur MiFi


Innate Abilities, Weirdness & Mutations

You are immune to sickness and miasma.
You are immune to poison.
Your flesh is very heat resistant. (rF++)
You are vulnerable to cold. (rC-)
You float through the air rather than walking.
You learn spells naturally, not from books.
Your magical power is your life essence.
You have superior vitality. (+4 MHP)


Message History

The gnoll bouda gazes fiercely through you!
You feel your attacks grow feeble. The gnoll completely misses you.
The gnoll hits you with a +0 whip!
You hit the gnoll. You drain the gnoll.
You kill the gnoll!
The gnoll bouda barks out a call to the hunt!
The gnoll hits you with a +0 whip.
You hear an angry hiss.
Your base Short Blades skill increases to level 1!
You barely miss the gnoll. The gnoll closely misses you.
You hit the gnoll bouda. You drain the gnoll bouda.
The gnoll bouda is moderately wounded.
The gnoll hits you with a +0 whip.
You hit the gnoll bouda.
The gnoll bouda is moderately wounded.
Your attacks no longer feel as feeble.
An adder comes into view.
A gnoll comes into view. It is wielding a +0 spear.
The gnoll bouda hits you with a +0 whip.
The gnoll completely misses you.
You feel very mighty all of a sudden. The gnoll bouda barely misses you.
The gnoll hits you with a +0 whip.
You puncture the gnoll bouda! You drain the gnoll bouda.
You kill the gnoll bouda!
A quokka comes into view.
The gnoll misses you.
You hit the gnoll.
The gnoll is heavily wounded.
The gnoll closely misses you. The gnoll hits you with a +0 whip.
* * * LOW HITPOINT WARNING * * *
You hit the gnoll.
The gnoll is moderately wounded.
The gnoll hits you with a +0 whip.
* * * LOW HITPOINT WARNING * * *
The gnoll hits you from afar with a +0 spear.
* * * LOW HITPOINT WARNING * * *
As you read the scroll of teleportation, it crumbles to dust.
You feel strangely unstable. The gnoll misses you.
The gnoll hits you with a +0 whip.
You die...

####.......###.#.#
...........'...#.#
#####.......#####.#
..##.....##### #.#
#.##.........# #..
#.##......##.# ###
#..........#
#..#.....#...#
#@g..#########
#g##.# #gSg..#
#r....# .#...##
.###.## .. ∩# .# .#
#. ..


You could see 4 gnolls, an adder and a quokka.

Vanquished Creatures
  A gnoll bouda (D:4)
  An orc priest (D:2)
  Jessica (D:2)
  Robin (D:4)
  2 gnolls (D:4)
  5 adders
  3 worms
  2 dart slugs (D:2)
  4 orcs
  9 endoplasms
  2 giant cockroaches
  9 goblins
  12 hobgoblins
  2 jackals (D:1)
  7 kobolds
  2 quokkas
  3 ball pythons
  8 bats
  4 frilled lizards
  10 rats
88 creatures vanquished.

Notes
Turn   | Place    | Note
-------+----------+-------------------------------------------
     0 | D:1      | Dakon the Djinni Monk began the quest for the Orb.
     0 | D:1      | Reached XP level 1. HP: 20/20 MP: 0/0
    12 | D:1      | You are sucked into a shaft and drop 1 floor!
    57 | D:1      | Reached XP level 2. HP: 23/25 MP: 0/0
   797 | D:1      | Reached XP level 3. HP: 29/30 MP: 0/0
   797 | D:1      | Learned a level 1 spell: Apportation
  1356 | D:2      | Reached XP level 4. HP: 29/36 MP: 0/0
  2019 | D:2      | Reached XP level 5. HP: 38/41 MP: 0/0
  2019 | D:2      | Learned a level 2 spell: Scorch
  2054 | D:2      | Noticed Jessica
  2082 | D:2      | Killed Jessica
  3195 | D:3      | Found Hatearr's Antique Weapon Shoppe.
  3346 | D:3      | Found a runed translucent door.
  3392 | D:3      | Found a faded altar of an unknown god.
  3631 | D:3      | Noticed PhantomBowie's ghost (amateur MiFi)
  3672 | D:4      | Reached XP level 6. HP: 45/47 MP: 0/0
  3678 | D:4      | Noticed Robin
  3687 | D:4      | Killed Robin
  3790 | D:4      | Reached skill level 1 in Spellcasting
  3824 | D:4      | Found Ceseoz's Neck Hole.
  3840 | D:4      | Reached skill level 1 in Short Blades
  3847 | D:4      | Slain by a gnoll

Illustrated notes

Levels and vault maps discovered:
D:1:      dpeg_arrival_brainrot, layout_basic
D:2:      layout_loops_ring, kennysheep_generic_room_15, uniq_jessica
D:3:      layout_loops_corners, serial_shops, nicolae_shop_behind_doors,
          ebering_ghost_reflecting_pool, chequers_ecumenical_altar_grove
D:4:      layout_basic, nicolae_shop_sticking_my_neck_out, uniq_robin

Skill      XL: |  1  2  3  4  5  6 |
---------------+-------------------+-----
Long Blades    | 3 |  3.6
Dodging        | 4 |  4.8
Fighting       | 4 |  4.4
Spellcasting   | 1 |  1.1
Short Blades   | 1 |  1.1
Stealth        | |  1.5

Action                   |  1- 3 |  4- 6 || total
-------------------------+-------+-------++-------
Melee: Falchion          |    98 |    89 ||   187
       Punch             |     1 |     3 ||     4
       Dagger            |       |   100 ||   100
       Unarmed           |       |    13 ||    13
 Cast: Apportation       |     1 |       ||     1
  Use: Scroll            |       |     7 ||     7
       Potion            |       |     1 ||     1
 Stab: Sleeping          |     5 |     7 ||    12
Armor: Robe              |     9 |       ||     9
       Leather armour    |     8 |    32 ||    40
Dodge: Dodged            |    63 |   112 ||   175
